 Dungeon Crawl Stone Soup version 0.27.1-33-g824d729ab1 (webtiles) character file.

Game seed: 448698940192654226

12203 bearlyready the Reanimator (level 11, -6/89 HPs)
             Began as a Demonspawn Necromancer on Nov 24, 2021.
             Was an Initiate of Gozag.
             Hit by a large rock thrown by a cyclops (23 damage)
             ... on level 12 of the Dungeon on Nov 25, 2021.
             The game lasted 00:27:48 (13849 turns).

bearlyready the Reanimator (DsNe)                  Turns: 13849, Time: 00:27:48

Health: -6/89      AC: 11    Str:  8    XL:     11   Next: 59%
Magic:  0/30       EV: 15    Int: 19    God:    Gozag
Gold:   1877       SH:  0    Dex: 15    Spells: 10/24 levels left

rFire    . . .     SeeInvis .   p - +2 dagger (pain)
rCold    . . .     Faith    .   (no shield)
rNeg     . . .     Spirit   +   j - +0 ring mail
rPois    .         Reflect  .   (helmet restricted)
rElec    .         Harm     .   (no cloak)
rCorr    .         Rampage  .   (no gloves)
Will     .....                  C - +0 pair of boots
Stlth    +.........             f - amulet of guardian spirit
HPRegen  0.24/turn              n - +4 ring of protection
MPRegen  0.22/turn              e - ring of magical power

@: agile
A: antennae 1, powered by pain 2, spiny 2, sharp scales 1
a: Renounce Religion, Potion Petition, Call Merchant, Bribe Branch


You were on level 12 of the Dungeon.
You worshipped Gozag.
Gozag was most pleased with you.
You visited 2 branches of the dungeon, and saw 13 of its levels.

You collected 1930 gold pieces.
You paid 53 gold pieces to Gozag.

Inventory:

Hand Weapons
 g - a +0 spear
 p - a +2 dagger of pain (weapon)
 u - a +0 rapier
 L - a +5 dagger
 M - a +0 dagger
 R - a +0 long sword
Missiles
 d - 130 poisoned darts (quivered)
 E - 2 throwing nets
Armour
 a - a +0 robe
 h - a +0 leather armour
 j - a +0 ring mail (worn)
 C - a +0 pair of boots (worn)
 J - the +3 hat of Pondering {ponderous, Will+ MP+10 Int+5}
   (You took it off Gastronok on level 8 of the Dungeon)

   Int:       It affects your intelligence (+5).
   MP:        It affects your magic capacity (+10).
   Will:      It increases your willpower.
 N - a +0 robe of the Archmagi
Jewellery
 e - a ring of magical power (right hand)
 f - an amulet of guardian spirit (around neck)
 m - a ring of protection from cold
 n - a +4 ring of protection (left hand)
 q - a ring of magical power
 F - a ring of magical power
 I - a ring of protection from cold
 K - a +6 ring of dexterity
 P - a ring of resist corrosion
Wands
 w - a wand of iceblast (13)
 z - a wand of paralysis (17)
 A - a wand of flame (13)
 B - a wand of acid (1)
Scrolls
 c - a scroll of fog
 i - 3 scrolls of amnesia
 k - 2 scrolls of magic mapping
 t - a scroll of enchant armour {unknown}
 v - a scroll of holy word {unknown}
 x - a scroll of silence
 y - a scroll of torment
 O - a scroll of brand weapon {unknown}
 Q - a scroll of identify
 S - a scroll of immolation {unknown}
Potions
 b - a potion of brilliance {unknown}
 l - 4 potions of flight
 o - a potion of lignification {unknown}
 r - 2 potions of haste
 D - 3 potions of heal wounds {unknown}
 G - a potion of degeneration {unknown}
 H - a potion of cancellation {unknown}


   Skills:
 - Level 9.0 Fighting
 - Level 6.1 Short Blades
 + Level 1.1 Armour
 + Level 2.3 Dodging
 - Level 1.7 Stealth
 - Level 7.0 Spellcasting
 + Level 13.6 Necromancy
 - Level 3.0 Evocations


You had 10 spell levels left.
You knew the following spells:

 Your Spells              Type           Power      Damage    Failure   Level
a - Pain                  Necr           100%       1d9       1%          1
b - Animate Skeleton      Necr           100%       N/A       1%          1
c - Vampiric Draining     Necr           27%        2d9       1%          3
d - Animate Dead          Necr           27%        N/A       1%          4
e - Agony                 Necr           55%        N/A       3%          5

Your spell library contained the following spells:

 Spells                   Type           Power      Damage    Failure   Level
 Blink                    Tloc           N/A        N/A       41%         2
 Ensorcelled Hibernation  Hex/Ice        12%        N/A       41%         2
 Slow                     Hex            6%         N/A       41%         2
 Confusing Touch          Hex            6%         N/A       65%         3
 Frozen Ramparts          Ice            12%        1d3       65%         3
 Spider Form              Tmut/Pois      3%         N/A       65%         3
 Ice Form                 Ice/Tmut       6%         N/A       96%         4
 Summon Ice Beast         Ice/Summ       6%         N/A       96%         4
 Manifold Assault         Tloc           6%         N/A       100%        5
 Shadow Creatures         Summ           N/A        N/A       100%        6
 Storm Form               Tmut/Air       3%         N/A       100%        7


Dungeon Overview and Level Annotations

Branches:
Dungeon (12/15)            Temple (1/1) D:4            Lair (0/6) D:10
    Orc: D:9-12

Altars:
Ashenzari
Cheibriados
Dithmenos
Elyvilon
Fedhas
Gozag
Hepliaklqana
Kikubaaqudgha
Makhleb
Qazlal
Ru
Sif Muna
Trog
Uskayaw
Vehumet
Wu Jian
Xom
Yredelemnul
Zin
The Shining One

Shops:
D:2 :   D:4 :

Annotations:
D:7 2 runed translucent doors, Icepheonix32's ghost, novice DsTm
D:11 Urug


Innate Abilities, Weirdness & Mutations

You have a pair of small antennae on your head.
You sometimes gain power by taking damage.
You are mostly covered in sharp spines.
You are partially covered in razor-sharp scales. (AC +1, Slay +1)


Message History

The boulder beetle stops rolling and uncurls.
The boulder beetle leaps!
The boulder beetle curls into a ball and begins rolling!
Urug throws a javelin.
The javelin pierces through you!
Urug throws a javelin.
The javelin pierces through you!
There is a stone staircase leading down, spattered with blood here.
The boulder beetle hits you.
The boulder beetle stops rolling and uncurls.
Urug throws a javelin.
The javelin pierces through you.
You climb downwards.
The troll shouts!
There is a stone staircase leading up here.
Okay, then.
Casting: Pain (safe; 1% risk of failure)
Confirm with . or Enter, or press ? or * to list all spells.
Okay, then.
Unknown command.
Casting: Pain (safe; 1% risk of failure)
Confirm with . or Enter, or press ? or * to list all spells.
Aiming: Agony (dangerous; 3% risk of failure)
Press: ? - help, Shift-Dir - straight line, f - boulder beetle
Aim: a boulder beetle (lightly wounded, chance to affect: 94%)
The boulder beetle barely resists.
The boulder beetle bites you!!
You focus on the pain.
You feel agile all of a sudden.
Casting: Agony (dangerous; 3% risk of failure)
Confirm with . or Enter, or press ? or * to list all spells.
Okay, then.
Okay, then.
As you read the scroll of teleportation, it crumbles to dust.
You feel strangely unstable. The boulder beetle bites you!
* * * LOW HITPOINT WARNING * * *
The boulder beetle curls into a ball and begins rolling!
Your surroundings suddenly seem different.
A cyclops comes into view.
Found 14 gold pieces.
The cyclops shouts!
You hear a shout!
You hear two shouts!
The cyclops throws a large rock.
The large rock hits you!!
You die...
Your body crumbles into a pile of gold.

###########
....#.....##
...........##
............#
............#
............###
....$..@.......
...............
...............
...............
....#.....#..C.
###.#.##..#....
# .. ..# ...
..# .## ..


You could see a cyclops.

Vanquished Creatures
  Gastronok (D:8)
  2 two-headed ogres
  A centaur zombie (D:10)
  2 wyverns
  A wraith (D:10)
  22 yaks
  A basilisk (D:10)
  2 vampire mosquitoes (D:7)
  Grum (D:9)
  Edmund (D:6)
  3 water moccasins
  8 orc warriors
  2 sky beasts
  2 necrophages
  A hornet zombie (D:6)
  4 black bears
  3 ice beasts
  4 wolves (D:8)
  An ogre (D:4)
  3 centaurs
  A kobold brigand (D:10)
  2 bullfrogs
  3 scorpions
  A wyvern skeleton (D:6)
  4 killer bees (D:7)
  5 wights (D:8)
  4 howler monkeys
  An electric eel (D:8)
  A lava snake (D:8)
  A bullfrog zombie (D:5)
  2 hounds
  2 jellies
  7 orc priests
  2 bullfrog skeletons
  2 centaur skeletons
  5 iguanas
  8 orc wizards
  A hound skeleton (D:5)
  9 gnolls
  A howler monkey skeleton (D:6)
  8 adders
  An ufetubus (D:6)
  An adder skeleton (D:4)
  4 dart slugs
  35 orcs
  8 endoplasms
  3 giant cockroaches
  8 goblins
  6 hobgoblins
  3 quokkas
  3 ball pythons
  4 bats
  3 frilled lizards
  4 kobolds
  2 rats
220 creatures vanquished.

Vanquished Creatures (others)
  A quokka (D:3)
  A bush (D:10)
  8 fungi (D:10)
  12 plants (D:10)
22 creatures vanquished.

Grand Total: 242 creatures vanquished

Notes
Turn   | Place    | Note
-------+----------+-------------------------------------------
     0 | D:1      | bearlyready the Demonspawn Necromancer began the quest for
                  | the Orb.
     0 | D:1      | Reached XP level 1. HP: 13/13 MP: 3/3
   152 | D:1      | Found a faded altar of an unknown god.
   688 | D:1      | Gained mutation: You have a pair of small antennae on your
                  | head. [demonic ancestry]
   688 | D:1      | Reached XP level 2. HP: 6/19 MP: 0/5
   690 | D:1      | Reached skill level 5 in Necromancy
  1455 | D:2      | Learned a level 1 spell: Animate Skeleton
  1665 | D:2      | Reached skill level 1 in Short Blades
  1665 | D:2      | Gained mutation: You are partially covered in razor-sharp
                  | scales. (AC +1, Slay +1) [demonic ancestry]
  1665 | D:2      | Reached XP level 3. HP: 23/24 MP: 3/6
  2013 | D:3      | Reached XP level 4. HP: 19/30 MP: 0/7
  2694 | D:3      | Noticed a black bear
  2702 | D:3      | Killed a black bear
  2703 | D:3      | Reached skill level 6 in Necromancy
  2703 | D:3      | Reached XP level 5. HP: 19/35 MP: 3/8
  2953 | D:3      | Found a radiant altar of Vehumet.
  3195 | D:3      | Learned a level 3 spell: Vampiric Draining
  3247 | D:4      | Noticed an ogre
  3604 | D:2      | Found Feresh's Book Shoppe.
  3793 | D:2      | Reached skill level 1 in Fighting
  4017 | D:2      | Reached XP level 6. HP: 42/43 MP: 9/9
  4582 | D:4      | Reached skill level 7 in Necromancy
  4635 | D:4      | Found a staircase to the Ecumenical Temple.
  4663 | D:4      | Gained mutation: You sometimes gain a little power by
                  | taking damage. [demonic ancestry]
  4663 | D:4      | Reached XP level 7. HP: 1/51 MP: 5/10
  4674 | Temple   | Entered the Ecumenical Temple
  5064 | Temple   | Became a worshipper of Gozag Ym Sagoz the Greedy
  5352 | D:4      | Found Itifu's Book Shop.
  5623 | D:5      | Entered Level 5 of the Dungeon
  5821 | D:5      | Found a snail-covered altar of Cheibriados.
  5921 | D:5      | Found a burning altar of Makhleb.
  5929 | D:5      | Reached skill level 8 in Necromancy
  6108 | D:5      | Reached XP level 8. HP: 46/61 MP: 11/11
  6460 | D:6      | Found a basalt altar of Yredelemnul.
  6460 | D:6      | Noticed a two-headed ogre
  6473 | D:6      | Killed a two-headed ogre
  6474 | D:6      | Reached skill level 9 in Necromancy
  7233 | D:6      | Reached skill level 10 in Necromancy
  7233 | D:6      | Gained mutation: You are partially covered in sharp spines.
                  | [demonic ancestry]
  7233 | D:6      | Reached XP level 9. HP: 61/71 MP: 12/12
  7753 | D:6      | Noticed Edmund
  7760 | D:6      | Killed Edmund
  8399 | D:7      | Reached skill level 11 in Necromancy
  8679 | D:7      | Learned a level 4 spell: Animate Dead
  8975 | D:7      | Found a large runed translucent door.
  8975 | D:7      | Found a large runed translucent door.
  8977 | D:7      | Noticed Icepheonix32's ghost (novice DsTm)
  9432 | D:7      | Found a shimmering blue altar of Sif Muna.
  9922 | D:7      | Gained mutation: You sometimes gain power by taking damage.
                  | [demonic ancestry]
  9922 | D:7      | Reached XP level 10. HP: 49/82 MP: 15/15
  9937 | D:7      | Learned a level 5 spell: Agony
 10501 | D:8      | Noticed Gastronok
 10522 | D:8      | Killed Gastronok
 10523 | D:8      | Reached skill level 5 in Spellcasting
 10523 | D:8      | Reached skill level 12 in Necromancy
 10935 | D:9      | Noticed Grum
 10988 | D:8      | Reached skill level 1 in Evocations
 11512 | D:8      | Gained mutation: You are mostly covered in sharp spines.
                  | [demonic ancestry]
 11512 | D:8      | Reached XP level 11. HP: 78/89 MP: 20/20
 11512 | D:8      | Paralysed by an orc for 7 turns
 11605 | D:9      | Killed Grum
 11861 | D:9      | Found a stormy altar of Qazlal.
 11864 | D:9      | Found a blossoming altar of Fedhas.
 11867 | D:9      | Found a hazy altar of Hepliaklqana.
 11870 | D:9      | Found a bloodstained altar of Trog.
 11954 | D:9      | You fall into a shaft and drop 2 floors!
 11981 | D:10     | Entered Level 10 of the Dungeon
 12113 | D:10     | Reached skill level 13 in Necromancy
 12176 | D:10     | Noticed a two-headed ogre
 12190 | D:10     | Killed a two-headed ogre
 12191 | D:10     | Reached skill level 5 in Short Blades
 12300 | D:10     | Found a staircase to the Lair.
 13509 | D:11     | Reached skill level 1 in Armour
 13833 | D:11     | Noticed a boulder beetle
 13835 | D:11     | Noticed Urug
 13849 | D:12     | Hit by a large rock thrown by a cyclops

Illustrated notes

Levels and vault maps discovered:
D:1:      evilmike_arrival_fibonacci_small, layout_basic,
          hellmonk_ecumenical_altar_lost_god
D:2:      minmay_wonky_spiral, layout_loops_ring, serial_shops,
          nicolae_shop_waterfront, corexii_item_surrounded_by_moat, st_stairs_9,
          grunt_ministairs_6, minivault_19
D:3:      wander_river, layout_loops_corners,
          mainiacjoe_overflow_six_doors_small, elyvilon_altar_4
D:4:      layout_cave_pools, zin_scriptorium, minmay_temple_entry_slanted,
          serial_shops, shop, chequers_ossuary_entry_cave,
          chequers_serial_rivers_micro_c
D:5:      layout_rooms, makhleb_blood_cavern_becter, kennysheep_slug_shrine
D:6:      layout_loops_corners, lemuel_tele_altar, uniq_edmund
D:7:      layout_layer_cave, kennysheep_mini_moat, ebering_ghost_disaster_area,
          minmay_crystal_room
D:8:      layout_rooms, nicolae_lava_and_water, minivault_26, uniq_gastronok
D:9:      layout_gridville, grunt_temple_overflow_cloverleaf,
          jmf_multi_god_temple, serial_shops, shop, uniq_psyche, uniq_grum,
          uniq_maggie
D:10:     layout_gridville, minmay_lair_entry_grove, minivault_27, minivault_24
D:11:     layout_rooms, special_room [special_room_orc], uniq_urug
D:12:     layout_rooms, orc_0_dummy
Temple:   kb_temple_of_zot

Skill      XL: |  1  2  3  4  5  6  7  8  9 10 11 |
---------------+----------------------------------+-----
Necromancy     | 5 6 7 8 10 11 12 13 | 13.6
Short Blades   | 1 3 4 6 |  6.1
Fighting       | 1 2 4 6 8 9 |  9.0
Spellcasting   | 3 6 7 |  7.0
Evocations     | 2 3 |  3.0
Dodging        | 2 |  2.3
Armour         | 1 |  1.1
Stealth        | |  1.7

Action                   |  1- 3 |  4- 6 |  7- 9 | 10-12 || total
-------------------------+-------+-------+-------+-------++-------
Melee: Spear             |    33 |       |       |       ||    33
       Unarmed           |     3 |       |       |       ||     3
       Dagger            |    38 |   122 |   368 |   259 ||   787
Throw: Dart              |       |       |       |     5 ||     5
 Cast: Pain              |    22 |    10 |     1 |     4 ||    37
       Vampiric Draining |       |     3 |     6 |    27 ||    36
       Agony             |       |       |       |     1 ||     1
Evoke: Wand              |       |       |     5 |     3 ||     8
  Use: Potion            |     1 |     2 |     1 |       ||     4
       Scroll            |       |     7 |     3 |     2 ||    12
 Stab: Sleeping          |     2 |     3 |     1 |       ||     6
       Paralysed         |       |       |     3 |       ||     3
       Distracted        |       |       |       |     2 ||     2
Armor: Ring mail         |    32 |    50 |   164 |   104 ||   350
       Robe              |     2 |       |       |       ||     2
Dodge: Dodged            |    51 |    69 |   150 |    93 ||   363
